 Dungeon Sprint DCSS version 0.30.0-29-ga12c61a403 (webtiles) character file.

Game seed: 4029177682532796000

6304 Revguard the Messiah (level 10, -14/97 HPs)
             Began as a Hill Orc Fighter on June 19, 2023.
             Was the Champion of Beogh.
             Killed from afar by a quicksilver elemental (29 damage)
             ... with a bolt of dispelling energy
             ... in the Dungeon (Sprint V: "Ziggurat Sprint").
             The game lasted 00:09:01 (785 turns).

Revguard the Messiah (Hill Orc Fighter)              Turns: 785, Time: 00:09:01

Health: -14/97     AC: 34    Str: 28    XL:     10   Next: 95%
Magic:  19/19      EV:  6    Int:  8    God:    Beogh [******]
Gold:   0          SH: 31    Dex: 18    Spells: 9/9 levels left

rFire   + . .        I - +8 lance "Wyrmbane" {slay drac, rPois rF+ rC+ AC+3}
rCold   + . .        G - +18 shield of the Gong {Loud rN+ Will+ rCorr EV-5}
rNeg    + . .        F - +15 Maxwell's patent armour {-Cast -Tele rElec Will+ rCorr}
rPois   +            (no helmet)
rElec   +            R - +0 cloak {rCorr}
rCorr   +            (no gloves)
SInv    .            (no boots)
Will    ++...        (no amulet)
Stlth   x              - +6 ring of strength
HPRegen 0.36/turn    t - +6 ring of dexterity
MPRegen 0.16/turn

%: no teleportation, no spellcasting
@: studying Armour
A: walk on water
a: Renounce Religion, Smiting, Recall Orcish Followers, Give Item to Named
Follower, Resurrection


You were in the Dungeon.
You worshipped Beogh.
Beogh was exalted by your worship.
You visited 1 branch

Inventory:

Hand Weapons
 w - the +8 trishula "Condemnation" {holy, anguish, *Noise Fly rN+}
   (You acquired it in the Dungeon)

   rN:        It protects you from negative energy.
   Fly:       It grants you flight.
   *Noise:    It may make noises in combat.
 D - the +27 heavy crossbow "Sniper" {heavy, Acc+∞ SInv}
   (You found it in the Dungeon)

   Acc+∞: It never misses its target.
   SInv:      It lets you see invisible.
 E - the +16 obsidian axe {drain, demonic, Mesm Drain Fly SInv}
   (You found it in the Dungeon)

   Mesm:      Its wielder is mesmerised by any visible foes, and it cannot be
   unequipped while any foes are visible.
   SInv:      It lets you see invisible.
   Fly:       It grants you flight.
   Drain:     It drains your maximum health when unequipped.
 H - the +11 Singing Sword {sonic wave}
   (You found it in the Dungeon)
 I - the +8 lance "Wyrmbane" (weapon) {slay drac, rPois rF+ rC+ AC+3}
   (You found it in the Dungeon)

   AC:        It affects your AC (+3).
   rF:        It protects you from fire.
   rC:        It protects you from cold.
   rPois:     It protects you from poison.
 J - the +13 scythe of Curses {drain, curses, Drain}
   (You found it in the Dungeon)

   Drain:     It drains your maximum health when unequipped.
 K - the +8 storm bow {elec, penet}
   (You found it in the Dungeon)
 L - the +9 sword of Power {lifebolt}
   (You found it in the Dungeon)
Armour
 b - a +1 cloak of willpower
 n - the crystal ball of Wucad Mu {*channel}
   (You found it in the Dungeon)

   *Channel:  It often returns the magic spent to cast spells, but lowers their
   success rate.
   It always returns the magic spent on miscasts.
 F - the +15 Maxwell's patent armour (worn) {-Cast -Tele rElec Will+ rCorr}
   (You found it in the Dungeon)

   rElec:     It insulates you from electricity.
   -Cast:     It prevents spellcasting.
   -Tele:     It prevents most forms of teleportation.
   rCorr:     It protects you from acid and corrosion.
   Will:      It increases your willpower.
 G - the +18 shield of the Gong (worn) {Loud rN+ Will+ rCorr EV-5}
   (You found it in the Dungeon)

   Loud:      It is deafeningly noisy when blocking attacks.
   EV:        It affects your evasion (-5).
   rN:        It protects you from negative energy.
   rCorr:     It protects you from acid and corrosion.
   Will:      It increases your willpower.
 M - +5 gold dragon scales
 N - a +3 kite shield
 O - a +3 tower shield
 R - a +0 cloak of preservation (worn)
Magical Staves
 c - the staff of fire "Zefi" {rElec rF+ rC+++ Str+3 Int-3}
   (You found it in the Dungeon)

   [staff of fire]

   Base accuracy: +5 Base damage: 5 Base attack delay: 1.2 This weapon's minimum
   attack delay (0.6) is reached at skill level 12.
   Str:       It affects your strength (+3).
   Int:       It affects your intelligence (-3).
   rF:        It protects you from fire.
   rC:        It renders you almost immune to cold.
   rElec:     It insulates you from electricity.
   It falls into the 'Staves' category.
   It is a one-handed weapon.
Jewellery
 s - an amulet of faith
 t - a +6 ring of dexterity (right hand)
 x - a +6 ring of strength (left hand)
 P - an amulet of the acrobat
 Q - a ring of wizardry
Wands
 u - a wand of polymorph (12)
 v - a wand of digging (3)
 y - a wand of flame (9)
 z - a wand of paralysis (11)
 A - a wand of mindburst (17)
 B - a wand of iceblast (12)
 C - a wand of quicksilver (19)
Scrolls
 a - a scroll of brand weapon
 j - 4 scrolls of blinking
 o - 4 scrolls of amnesia
 p - 7 scrolls of fog
 q - 5 scrolls of identify
 r - 2 scrolls of fear
Potions
 d - 6 potions of might
 e - 9 potions of curing
 f - 9 potions of heal wounds
 g - 6 potions of haste
 h - 7 potions of magic
 i - 3 potions of berserk rage
 k - 2 potions of brilliance
 l - 2 potions of invisibility
 m - 4 potions of resistance


   Skills:
 + Level 12.2 Fighting
 + Level 11.3 Polearms
 + Level 11.2 Armour
 + Level 8.2 Dodging
 + Level 11.3 Shields
 + Level 12.6 Invocations
 + Level 10.1 Evocations


You had 9 spell levels left.
You didn't know any spells.
Your spell library contained the following spells:

 Spells                   Type           Power      Damage    Failure   Level
 Shock                    Conj/Air       0%         1d3       99%         1
 Sting                    Tmut/Pois      0%         1d3       99%         1
 Cigotuvi's Dreadful Rot  Necr/Pois/Air  0%         N/A       100%        2
 Ensorcelled Hibernation  Hex/Ice        0%         N/A       100%        2
 Lesser Beckoning         Tloc           0%         N/A       100%        2
 Passwall                 Tmut/Erth      0%         N/A       100%        2
 Scorch                   Fire           0%         2d5       100%        2
 Call Canine Familiar     Summ           0%         N/A       100%        3
 Dazzling Flash           Conj/Hex       0%         N/A       100%        3
 Ignite Poison            Fire/Tmut/Pois 0%         N/A       100%        3
 Portal Projectile        Hex/Tloc       0%         N/A       100%        3
 Swiftness                Air            0%         N/A       100%        3
 Vhi's Electric Charge    Tloc/Air       0%         N/A       100%        3
 Volatile Blastmotes      Fire/Tloc      0%         2d10      100%        3
 Airstrike                Air            0%         2d(0-16)  100%        4
 Iskenderun's Mystic Bla  Conj/Tloc      0%         2d3       100%        4
 Leda's Liquefaction      Hex/Erth       0%         N/A       100%        4
 Sticky Flame             Conj/Fire      0%         2d3       100%        4
 Arcjolt                  Conj/Air       0%         1d10      100%        5
 Fireball                 Conj/Fire      0%         3d3       100%        5
 Summon Forest            Summ/Tloc      0%         N/A       100%        5
 Summon Mana Viper        Hex/Summ       0%         N/A       100%        5
 Eringya's Noxious Bog    Tmut/Pois      0%         N/A       100%        6
 Iron Shot                Conj/Erth      0%         9d1       100%        6
 Plasma Beam              Fire/Air       0%         2x1d11    100%        6
 Starburst                Conj/Fire      0%         6d3       100%        6
 Summon Cactus Giant      Summ           0%         N/A       100%        6
 Maxwell's Capacitive Co  Air            0%         ∞         100%        8


Dungeon Overview and Level Annotations

Branches:
Dungeon (1/1)

Altars:
Ashenzari
Cheibriados
Dithmenos
Elyvilon
Fedhas
Gozag
Hepliaklqana
Kikubaaqudgha
Makhleb
Nemelex Xobeh
Okawaru
Qazlal
Ru
Sif Muna
Trog
Uskayaw
Vehumet
Wu Jian
Xom
Yredelemnul
Zin
The Shining One
Beogh
Jiyva
Lugonu


Message History

You finish taking off your +1 cloak of willpower.
You feel less strong-willed.
You start putting on your armour.
You continue putting on your +0 cloak of preservation. x5
You finish putting on your +0 cloak of preservation.
Okay, then.
You float gracefully downwards.
The +8 trishula "Condemnation" {holy, anguish, *Noise Fly rN+} stops glowing.
You feel an overwhelming desire to slay dragons!
I - the +8 lance "Wyrmbane" (weapon)
{slay drac, rPois rF+ rC+ AC+3}
There is a transporter here.
Welcome to arena 11.
You enter the transporter and appear at another place.
An ancient champion, a quicksilver elemental, a hellion and 2 war gargoyles come into view.
The ancient champion is wielding a +2 battleaxe of pain.
The hellion gives a hideous shriek!
The hellion gestures at you.
The sphere of damnation explodes!
The damnation engulfs you!!
A quicksilver elemental comes into view.
A war gargoyle comes into view. It is wielding a +0 morningstar.
The ancient champion casts a spell.
The ancient champion seems to speed up.
An ancient champion comes into view.
It is wielding a +1 great mace of draining.
The quicksilver elemental breathes dispelling energy at you.
The bolt of dispelling energy hits you!!
The hellion moves out of view.
An iron dragon comes into view.
Wyrmbane glows as a worthy foe approaches.
The iron dragon roars deafeningly!
Found five items.
The war gargoyle launches metal splinters at you.
The spray of metal splinters hits you!!
* * * LOW HITPOINT WARNING * * *
An ancient champion comes into view.
It is wielding a +3 great sword of draining.
The quicksilver elemental breathes dispelling energy at you.
The bolt of dispelling energy hits you.
* * * LOW HITPOINT WARNING * * *
The quicksilver elemental breathes dispelling energy at you.
The bolt of dispelling energy hits you!!
You die...

▓.....))..▓
▓..|=:z/..▓....[[...▓
▓....D.2..▓.........▓
▓....z9z..▓.........▓
▓.....9...▓.....)...▓
▓...9E.E..▓....)....▓
▓.........▓.........▓
▓.▓.....▓.▓....©....▓
▓....©.@..▓▓▓▓▓▓▓▓▓▓▓
▓▓▓▓▓▓▓▓▓▓▓


You could see an iron dragon, 2 quicksilver elementals, 3 ancient champions, 3
war gargoyles and a hellion.

Vanquished Creatures
  A two-headed ogre (D)
  2 cyclopes (D)
  2 draconians (D)
  A rime drake (D)
  2 freezing wraiths (D)
  2 ice devils (D)
  2 tarantellas (D)
  2 jumping spiders (D)
  A yak (D)
  2 redbacks (D)
  An ice beast (D)
  3 ogres (D)
  A wolf (D)
  2 phantoms (D)
  A bullfrog (D)
  A necrophage (D)
  4 scorpions (D)
  3 wights (D)
  A quasit (D)
  An iron imp (D)
  3 iguanas (D)
  A river rat (D)
  A shadow imp (D)
  3 white imps (D)
  An ufetubus (D)
  3 adder skeletons (D)
  2 jackals (D)
  A ball python skeleton (D)
  A ball python zombie (D)
  A jackal skeleton (D)
52 creatures vanquished.

Vanquished Creatures (others)
  A wolf spider (D)
  A freezing wraith (D)
2 creatures vanquished.

Grand Total: 54 creatures vanquished

Notes
Turn   | Place    | Note
-------+----------+-------------------------------------------
     0 | D        | Revguard the Hill Orc Fighter began the quest for the Orb.
     0 | D        | Reached XP level 1. HP: 19/19 MP: 1/1
     0 | D        | Found a blossoming altar of Fedhas.
     0 | D        | Found the +6 Majin-Bo {spellvamp, MP+6 Int+6}
     0 | D        | Found the +27 heavy crossbow "Sniper" {heavy, Acc+∞ SInv}
     0 | D        | Found the +10 dark maul {heavy}
     0 | D        | Found the +15 Maxwell's patent armour {-Cast -Tele rElec
                  | Will+ rCorr}
     0 | D        | Found the +18 shield of the Gong {Loud rN+ Will+ rCorr
                  | EV-5}
     0 | D        | Found the +16 obsidian axe {drain, demonic, Mesm Drain Fly
                  | SInv}
     0 | D        | Found the +7 great mace "Firestarter" {flame, immolate,
                  | rFlCloud rF++}
     0 | D        | Found the +6 shillelagh "Devastator" {shatter}
     0 | D        | Found the +11 plutonium sword {Contam Stlth-}
     0 | D        | Found the +8 lance "Wyrmbane" {slay drac, rPois rF+ rC+
                  | AC+3}
     0 | D        | Found the +9 sword of Zonguldrok {reap}
     0 | D        | Found the +13 scythe of Curses {drain, curses, Drain}
     0 | D        | Found the +9 sword of Power {lifebolt}
     0 | D        | Found the +7 mace of Variability {chaos, chaos arc}
     0 | D        | Found the +11 Singing Sword {sonic wave}
     0 | D        | Found the +8 storm bow {elec, penet}
     1 | D        | Found a shimmering blue altar of Sif Muna.
     1 | D        | Found a sacrificial altar of Ru.
     1 | D        | Found a bloodstained altar of Trog.
     1 | D        | Found a stormy altar of Qazlal.
     1 | D        | Found an iron altar of Okawaru.
     1 | D        | Found a sparkling altar of Nemelex Xobeh.
     3 | D        | Found a transporter.
     3 | D        | Found an ancient bone altar of Kikubaaqudgha.
     3 | D        | Found a viscous altar of Jiyva.
     3 | D        | Found a corrupted altar of Lugonu.
     3 | D        | Found a hazy altar of Hepliaklqana.
     3 | D        | Found a burning altar of Makhleb.
     3 | D        | Found an opulent altar of Gozag.
    50 | D        | Became a worshipper of Beogh the Brigand
    83 | D        | Reached skill level 1 in Dodging
    83 | D        | Reached XP level 2. HP: 28/28 MP: 2/4
    93 | D        | Entered arena 2.
    93 | D        | Noticed a draconian
    93 | D        | Noticed a draconian
    93 | D        | Found a transporter.
   106 | D        | Killed a draconian
   107 | D        | Reached skill level 5 in Evocations
   107 | D        | Reached XP level 3. HP: 36/39 MP: 4/7
   107 | D        | Reached XP level 4. HP: 43/47 MP: 5/9
   107 | D        | Reached XP level 5. HP: 48/52 MP: 5/10
   107 | D        | Reached XP level 6. HP: 55/60 MP: 5/11
   123 | D        | Killed a draconian
   124 | D        | Reached XP level 7. HP: 67/68 MP: 6/12
   135 | D        | Entered arena 3.
   135 | D        | Found a transporter.
   140 | D        | Reached * piety under Beogh
   148 | D        | Reached skill level 5 in Dodging
   166 | D        | Entered arena 4.
   166 | D        | Noticed a jumping spider
   166 | D        | Noticed a tarantella
   166 | D        | Noticed a jumping spider
   166 | D        | Found a transporter.
   176 | D        | Killed a tarantella
   176 | D        | Reached ** piety under Beogh
   177 | D        | Reached XP level 8. HP: 70/75 MP: 14/14
   183 | D        | Killed a jumping spider
   187 | D        | Killed a jumping spider
   192 | D        | Reached *** piety under Beogh
   208 | D        | Entered arena 5.
   208 | D        | Found a transporter.
   226 | D        | Got Vaoset's Information on Position and the Salamander
   229 | D        | Entered arena 6.
   229 | D        | Noticed a yak
   229 | D        | Found a transporter.
   237 | D        | Killed a yak
   237 | D        | Reached **** piety under Beogh
   243 | D        | Reached XP level 9. HP: 76/85 MP: 16/16
   261 | D        | Got the staff of fire "Zefi" {rElec rF+ rC+++ Str+3 Int-3}
   264 | D        | Entered arena 7.
   264 | D        | Found the crystal ball of Wucad Mu {*channel}
   264 | D        | Noticed an ice devil
   265 | D        | Found a transporter.
   282 | D        | Killed an ice devil
   282 | D        | Reached ***** piety under Beogh
   283 | D        | Reached skill level 10 in Fighting
   288 | D        | Reached skill level 10 in Invocations
   310 | D        | Entered arena 8.
   310 | D        | Noticed a cyclops
   310 | D        | Noticed a two-headed ogre
   310 | D        | Noticed a cyclops
   317 | D        | Found a transporter.
   329 | D        | Killed a two-headed ogre
   334 | D        | Reached ****** piety under Beogh
   343 | D        | Killed a cyclops
   344 | D        | Reached skill level 10 in Polearms
   344 | D        | Reached skill level 10 in Armour
   344 | D        | Reached skill level 10 in Shields
   344 | D        | Reached XP level 10. HP: 78/94 MP: 18/18
   348 | D        | Killed a cyclops
   362 | D        | Got the Guidebook on Toxins
   365 | D        | Acquired the +8 trishula "Condemnation" {holy, anguish,
                  | *Noise Fly rN+}
   365 | D        | Found the +8 trishula "Condemnation" {holy, anguish, *Noise
                  | Fly rN+}
   369 | D        | Entered arena 9.
   369 | D        | Noticed a wolf spider
   371 | D        | Found a transporter.
   382 | D        | Killed a wolf spider
   419 | D        | Got Sif Muna's Volume of Comburant Excavation
   556 | D        | Entered arena 10.
   588 | D        | Reached skill level 10 in Evocations
   596 | D        | Found a transporter.
   737 | D        | Entered arena 11.
   738 | D        | Found a transporter.
   783 | D        | Entered arena 12.
   783 | D        | Noticed an ancient champion
   783 | D        | Noticed a quicksilver elemental
   783 | D        | Noticed a war gargoyle
   783 | D        | Noticed a hellion
   783 | D        | Noticed a war gargoyle
   783 | D        | Noticed a quicksilver elemental
   783 | D        | Noticed a war gargoyle
   783 | D        | Noticed an ancient champion
   783 | D        | Noticed an iron dragon
   785 | D        | Noticed an ancient champion
   785 | D        | Killed from afar by a quicksilver elemental

Illustrated notes

Levels and vault maps discovered:
D:        sprint_v [room_start, room_1, room_2, room_3, room_4, room_5, room_6,
          room_7, room_8, room_9, room_10, room_11, room_12, room_13, room_14,
          room_15, room_16, room_17, room_18, room_19, room_20, room_21,
          room_22, room_23, room_24, room_25, room_26, room_27]

Skill      XL: |  1  2  3  4  5  6  7  8  9 10 |
---------------+-------------------------------+-----
Fighting       | 4 7 8 9 10 12 | 12.2
Polearms       | 4 6 7 8 10 11 | 11.3
Armour         | 4 6 7 8 10 11 | 11.2
Dodging        | 1 4 5 6 7 8 |  8.2
Shields        | 4 6 7 8 10 11 | 11.3
Invocations    | 2 6 7 8 9 11 12 | 12.6
Evocations     | 3 5 6 7 8 10 | 10.1

Action                     |  1- 3 |  4- 6 |  7- 9 | 10-12 || total
---------------------------+-------+-------+-------+-------++-------
  Melee: Lance             |    13 |    17 |   114 |    25 ||   169
         Trishula          |       |       |       |    46 ||    46
    Use: Potion            |     1 |       |       |     2 ||     3
         Scroll            |       |       |       |     1 ||     1
 Armour: Plate armour      |     2 |     2 |    63 |    26 ||    93
  Dodge: Dodged            |       |       |    21 |    13 ||    34
  Block: Kite shield       |    19 |    11 |   198 |   131 ||   359
